 Dungeon Crawl Stone Soup version 0.29-a0-82-g837932c90e (webtiles) character file.

Game seed: 324250267990829997

103770 frimble the Demonic Aeon (level 15, -9/124 HPs)
             Began as a Demonspawn Ice Elementalist on Feb 4, 2022.
             Was the Champion of Cheibriados.
             Mangled by an orc warlord (30 damage)
             ... on level 2 of the Orcish Mines on Feb 5, 2022.
             The game lasted 00:48:18 (33414 turns).

frimble the Demonic Aeon (DsIE)                    Turns: 33414, Time: 00:48:19

Health: -9/124     AC: 26    Str: 25    XL:     15   Next: 90%
Magic:  27/36      EV: 23    Int: 38    God:    Cheibriados [******]
Gold:   2367       SH:  5    Dex: 28    Spells: 7/18 levels left

rFire   + . .      SeeInvis .   o - +5 dagger (venom)
rCold   . . .      Faith    .   (no shield)
rNeg    . . .      Spirit   .   R - +4 troll leather armour
rPois   +          Reflect  +   f - +2 helmet
rElec   .          Harm     .   H - +2 cloak {rF+}
rCorr   .          Rampage  .   h - +2 pair of gloves
Will    +....                   (no boots)
Stlth   ++++......              p - amulet of reflection
HPRegen 1.10/turn               c - ring of poison resistance
MPRegen 0.25/turn               j - ring of magical power

@: ice-armoured, freezing walls, very slow
A: hooves 2, repulsion field 2, foul stench 3, icemail 1, condensation shield
a: Renounce Religion, Bend Time, Temporal Distortion, Slouch, Step From Time


You were on level 2 of the Orcish Mines.
You worshipped Cheibriados.
Cheibriados was exalted by your worship.
You visited 4 branches of the dungeon, and saw 24 of its levels.
You visited the Abyss 1 time.
You also visited: Bailey, Gauntlet, Ice Cave and Volcano.

You collected 2367 gold pieces.

Inventory:

Hand Weapons
 a - a +1 scimitar
 d - a +2 dagger of electrocution
 o - a +5 dagger of venom (weapon)
Missiles
 i - 48 javelins (quivered)
 k - a throwing net
Armour
 f - a +2 helmet (worn)
 h - a +2 pair of gloves (worn)
 n - a +0 crystal plate armour
 t - a +2 robe of willpower
 H - a +2 cloak of fire resistance (worn)
 P - a +1 robe of cold resistance
 R - a +4 troll leather armour (worn)
 Z - the +4 skin of Zhor {*Englaciate rC+++ SInv}
   (You found it on level 15 of the Dungeon)

   It radiates cold, occasionally slowing all nearby creatures who are not
   resistant to cold.
   rC:        It renders you almost immune to cold.
   SInv:      It lets you see invisible.
Jewellery
 c - a ring of poison resistance (left hand)
 j - a ring of magical power (right hand)
 p - an amulet of reflection (around neck)
 v - a +6 ring of dexterity
 y - a ring of protection from fire
 C - a ring of resist corrosion
 O - a +6 ring of dexterity
 S - a +6 ring of strength
 T - a ring of ice
 Y - a ring of wizardry
Wands
 g - a wand of acid (16)
 m - a wand of mindburst (17)
 r - a wand of iceblast (16)
 z - a wand of paralysis (15)
 A - a wand of digging (17)
 M - a wand of charming (4)
 X - a wand of flame (5)
Scrolls
 b - 4 scrolls of enchant armour
 e - 4 scrolls of fear
 w - a scroll of brand weapon
 D - 4 scrolls of immolation
 L - 6 scrolls of teleportation
 N - a scroll of enchant weapon
 Q - 3 scrolls of blinking
 W - 10 scrolls of identify
Potions
 l - 8 potions of curing
 s - 3 potions of flight
 u - 5 potions of attraction
 x - 2 potions of resistance
 B - 4 potions of might
 E - 2 potions of haste
 F - 4 potions of cancellation
 G - 2 potions of brilliance
 I - a potion of berserk rage
 J - 10 potions of ambrosia
 K - 2 potions of mutation
 U - 3 potions of heal wounds
 V - a potion of lignification


   Skills:
 + Level 13.6 Fighting
 - Level 10.4 Short Blades
 - Level 8.4 Dodging
 - Level 6.0 Stealth
 - Level 2.0 Spellcasting
 - Level 7.1 Conjurations
 + Level 13.5 Ice Magic
 + Level 16.2 Invocations
 - Level 5.4 Evocations


You had 7 spell levels left.
You knew the following spells:

 Your Spells              Type           Power      Damage    Failure   Level
a - Freeze                Ice            100%       1d11      1%          1
b - Ozocubu's Armour      Ice            82%        N/A       1%          3
c - Frozen Ramparts       Ice            100%       1d12      1%          3
d - Hailstorm             Conj/Ice       70%        3d15      1%          4

Your spell library contained the following spells:

 Spells                   Type           Power      Damage    Failure   Level
 Foxfire                  Conj/Fire      100%       2x1d9     1%          1
 Ensorcelled Hibernation  Hex/Ice        100%       N/A       1%          2
 Static Discharge         Conj/Air       31%        N/A       1%          2
 Ice Form                 Ice/Tmut       53%        N/A       3%          4
 Summon Ice Beast         Ice/Summ       53%        N/A       3%          4
 Sting                    Tmut/Pois      12%        1d3       5%          1
 Corpse Rot               Necr/Air       6%         N/A       8%          2
 Metabolic Englaciation   Hex/Ice        26%        N/A       9%          5
 Fulminant Prism          Conj/Hex       15%        3d11      12%         4
 Iskenderun's Mystic Bla  Conj/Tloc      31%        2d8       12%         4
 Sticky Flame             Conj/Fire      31%        2d5       12%         4
 Inner Flame              Hex/Fire       3%         N/A       16%         3
 Spider Form              Tmut/Pois      3%         N/A       16%         3
 Tukima's Dance           Hex            3%         N/A       16%         3
 Ozocubu's Refrigeration  Ice            41%        4d13      17%         7
 Lightning Bolt           Conj/Air       15%        1d29      32%         5
 Anguish                  Hex/Necr       1%         N/A       45%         4
 Dispel Undead            Necr           3%         3d7       45%         4
 Passage of Golubria      Tloc           3%         N/A       45%         4
 Petrify                  Tmut/Erth      3%         N/A       45%         4
 Lee's Rapid Deconstruct  Erth           1%         3d5*      82%         5
 Yara's Violent Unravell  Hex/Tmut       1%         3d3       82%         5
 Death Channel            Necr           1%         N/A       100%        6
 Dragon Form              Tmut           1%         N/A       100%        7
 Enfeeble                 Hex            1%         N/A       100%        7
 Spellforged Servitor     Conj/Summ      15%        N/A       100%        7
 Ignition                 Fire           1%         3d3       100%        8
 Maxwell's Capacitive Co  Air            1%         ∞         100%        8


Dungeon Overview and Level Annotations

Branches:
Dungeon (15/15)            Temple (1/1) D:6            Lair (6/6) D:8
  Swamp (0/4) Lair:3       Spider (0/4) Lair:2        Slime (0/5) Lair:6
    Orc (2/2) D:12         Vaults (0/5) D:14         Depths (0/4) D:15
 Bailey (visited)           IceCv (visited)         Volcano (visited)
Gauntlet (visited)
    Elf: Orc:2

Altars:
Cheibriados
Dithmenos
Elyvilon
Fedhas
Gozag
Hepliaklqana
Makhleb
Nemelex Xobeh
Okawaru
Qazlal
Ru
Sif Muna
Trog
Uskayaw
Wu Jian
Xom
Yredelemnul
Zin
The Shining One

Shops:
D:13 *

Annotations:
D:4 3 runed translucent doors, Dordric's ghost, amateur MfGl; YayAnonymity's ghost, amateur GnBe
D:7 2 exclusions
Lair:6 2 runed translucent doors, exclusion: door, Lunaplom's ghost, journeyman MiBe


Innate Abilities, Weirdness & Mutations

You have hoof-like feet.
You are surrounded by a moderate repulsion field. (EV +3)
You frequently emit foul miasma when damaged in melee.
A meltable icy envelope protects you from harm. (AC +0)
A meltable shield of frost defends you. (SH +0)


Message History

o - a +5 dagger of venom (weapon)
An orc warrior comes into view. It is wielding a +0 dire flail.
The wall freezes the orc warlord.
The orc warlord roars a battlecry!
The orcs go into a battle-frenzy!
You closely miss the orc warlord.
The orc warlord is lightly wounded.
The orc warlord completely resists.
The wall freezes the orc warlord but does no damage.
The orc warlord closely misses you.
You hit the orc warlord but do no damage.
The orc warlord is poisoned.
You kick the orc warlord.
The orc warlord is lightly wounded.
The wall freezes the orc warlord!
The orc warlord hits you with a +2 great sword of holy wrath!!
You convulse!!
As you read the scroll of fear, it crumbles to dust.
You assume a fearsome visage.
The orc warlord looks frightened!
The orc warrior looks frightened!
The orc warlord looks frightened!
The orc wizard looks frightened!
The orc warrior looks frightened!
The orc priest looks frightened!
The orc warrior no longer looks unusually strong.
The orc warlord resists.
The wall freezes the orc warlord.
Your attack snaps the orc warlord out of its fear.
The orc warlord roars a battlecry!
The orc warrior goes into a battle-frenzy!
The wall freezes the orc warrior!
Your attack snaps the orc warrior out of its fear.
The orc wizard mumbles some strange words.
The orc wizard flickers and vanishes!
Deactivating autopickup; reactivate with Ctrl-A.
The wall freezes the orc priest.
Your attack snaps the orc priest out of its fear.
The orc priest looks encouraged for a moment.
The wall freezes the orc warlord.
Your attack snaps the orc warlord out of its fear.
The orc warlord hits you with a +2 great sword of holy wrath!!
* * * LOW HITPOINT WARNING * * *
You convulse!!
You die...

....# ###...##
.....#####.#.....
........#........
.......<$........
......o..........
.................
.###$..)...####
##...)..)o### .
.##....))){oo@# ..
.........<).o##...
........)#))......
........##))......
.......###.)......
....#.. ##.......
.#..##. #......#
... ## ###..### .#
.##


You could see 2 orc warlords, 2 orc warriors and an orc priest (strong).

Vanquished Creatures
  Snorg (Orc:1)
  A minotaur (Gauntlet)
  Josephine (D:15)
  A fire dragon (D:15)
  2 ice dragons (D:15)
  Fannar (D:10)
  Erolcha (D:10)
  2 boulder beetles (D:12)
  4 vault guards (D:14)
  6 hydras
  An ogre mage (Orc:1)
  9 centaur warriors
  4 two-headed ogres
  A death knight (D:13)
  A dancing weapon (Volcano)
  2 hell hogs (Abyss:3)
  Urug (D:10)
  4 tengu warriors
  Sonja (Orc:1)
  4 sixfirhies (Gauntlet)
  A skeletal warrior (D:14)
  2 lindwurms (Lair:6)
  6 wizards
  4 orc knights
  9 deep elf pyromancers
  2 wolf spiders (Lair:6)
  An orc sorcerer (Orc:1)
  5 manticores
  7 ugly things
  5 toenail golems (Volcano)
  5 cyclopes
  A salamander (Lair:6)
  10 elephants
  6 torpor snails
  4 black mambas
  A gargoyle (D:14)
  15 cane toads
  10 komodo dragons
  3 unseen horrors
  An ice devil (IceCv)
  10 rime drakes
  2 tengu conjurers
  An ancient zyme (Abyss:4)
  An efreet (D:14)
  A queen bee (Lair:4)
  6 trolls
  6 meliai
  7 hornets
  3 polar bears
  11 slime creatures
  10 dream sheep (Lair:4)
  6 blink frogs
  3 tyrant leeches (Lair:6)
  A raiju (shapeshifter) (D:13)
  A centaur simulacrum (D:14)
  A jumping spider (shapeshifter) (D:13)
  3 wyverns
  65 yaks
  A vampire (D:13)
  11 flying skulls (Gauntlet)
  7 wraiths
  2 basilisks
  Grum (D:8)
  4 neqoxecs
  A death yak simulacrum (IceCv)
  Menkaure (D:7)
  A vampire mosquito (D:14)
  A swamp worm (Lair:3)
  4 wargs
  12 water moccasins
  27 orc warriors
  3 black bears
  2 necrophages
  A sky beast (D:7)
  An ice beast (D:8)
  10 ogres
  28 centaurs
  23 wolves
  A wyvern zombie (D:4)
  A kobold brigand (D:10)
  7 bullfrogs
  A gnoll sergeant (D:11)
  A two-headed ogre simulacrum (IceCv)
  2 scorpions (D:6)
  A water moccasin skeleton (D:5)
  An elephant simulacrum (IceCv)
  22 killer bees (Lair:4)
  10 wights
  3 howler monkeys
  3 electric eels
  2 centaur zombies
  13 jellies (Lair:6)
  3 hounds
  A bullfrog skeleton (D:5)
  10 orc priests
  5 iguanas
  19 orc wizards
  A spriggan simulacrum (IceCv)
  A hound skeleton (D:4)
  A howler monkey zombie (D:11)
  Robin (D:3)
  8 gnolls
  4 adders
  2 shadow imps (D:5)
  3 white imps
  3 ufetubi
  5 worms
  5 dart slugs (D:2)
  92 orcs
  9 ball pythons
  7 endoplasms
  3 giant cockroaches
  19 goblins
  7 hobgoblins
  4 quokkas
  2 bats
  3 frilled lizards
  10 kobolds
  24 rats
745 creatures vanquished.

Vanquished Creatures (collateral kills)
  A two-headed ogre (Orc:1)
  An orc (Orc:1)
2 creatures vanquished.

Vanquished Creatures (others)
  19 fungi
  40 plants
59 creatures vanquished.

Grand Total: 806 creatures vanquished

Notes
Turn   | Place    | Note
-------+----------+-------------------------------------------
     0 | D:1      | frimble the Demonspawn Ice Elementalist began the quest for
                  | the Orb.
     0 | D:1      | Reached XP level 1. HP: 13/13 MP: 3/3
   469 | D:1      | Gained mutation: You may rarely emit foul miasma when
                  | damaged in melee. [demonic ancestry]
   469 | D:1      | Reached XP level 2. HP: 14/19 MP: 3/5
   809 | D:1      | Reached skill level 1 in Short Blades
  1060 | D:1      | Reached XP level 3. HP: 22/24 MP: 2/6
  1564 | D:2      | Learned a level 3 spell: Ozocubu's Armour
  1910 | D:2      | Reached XP level 4. HP: 11/30 MP: 4/7
  1913 | D:2      | HP: 1/30 [dart slug (2)]
  3157 | D:3      | Noticed Robin
  3178 | D:3      | Killed Robin
  3538 | D:3      | Learned a level 3 spell: Frozen Ramparts
  3551 | D:3      | Reached skill level 5 in Ice Magic
  3551 | D:3      | Gained mutation: A meltable shield of frost defends you.
                  | (SH +0) [demonic ancestry]
  3551 | D:3      | Reached XP level 5. HP: 18/35 MP: 2/8
  4288 | D:3      | Found a faded altar of an unknown god.
  4576 | D:4      | Gained mutation: You have large cloven feet. [demonic
                  | ancestry]
  4576 | D:4      | Reached XP level 6. HP: 39/42 MP: 9/9
  4718 | D:4      | Reached skill level 1 in Fighting
  4718 | D:4      | Reached skill level 1 in Evocations
  5443 | D:4      | Gained mutation: You are surrounded by a mild repulsion
                  | field. (EV +2) [demonic ancestry]
  5443 | D:4      | Reached XP level 7. HP: 46/49 MP: 10/10
  5635 | D:4      | Found a runed translucent gate.
  5635 | D:4      | Found a runed translucent gate.
  5635 | D:4      | Found a runed translucent gate.
  5637 | D:4      | Noticed YayAnonymity's ghost (amateur GnBe)
  5638 | D:4      | Noticed Dordric's ghost (amateur MfGl)
  5777 | D:5      | Entered Level 5 of the Dungeon
  5906 | D:5      | Identified the +3 leather armour of Focus {rCorr Slay-4
                  | Stlth+}
  7103 | D:5      | Gained mutation: A meltable icy envelope protects you from
                  | harm. (AC +0) [demonic ancestry]
  7103 | D:5      | Reached XP level 8. HP: 50/58 MP: 11/11
  7780 | D:6      | Reached skill level 5 in Short Blades
  8132 | D:6      | Found a staircase to the Ecumenical Temple.
  8405 | Temple   | Entered the Ecumenical Temple
  8726 | Temple   | Became a worshipper of Cheibriados the Contemplative
  8804 | D:7      | Found an iron altar of Okawaru.
  8845 | D:7      | Found a hazy altar of Hepliaklqana.
  8997 | D:7      | Noticed Menkaure
  9005 | D:7      | Killed Menkaure
  9006 | D:7      | Reached XP level 9. HP: 23/67 MP: 12/12
  9382 | D:7      | Noticed a deep elf pyromancer
  9390 | D:7      | Killed a deep elf pyromancer
  9391 | D:7      | Reached skill level 5 in Fighting
  9391 | D:7      | Reached skill level 5 in Evocations
  9651 | D:8      | Found a flagged portal.
  9661 | Bailey   | Entered a bailey
  9743 | Bailey   | Reached * piety under Cheibriados
  9744 | Bailey   | Reached skill level 1 in Invocations
  9796 | Bailey   | Reached skill level 2 in Invocations
 10554 | Bailey   | Reached skill level 3 in Invocations
 10719 | Bailey   | Learned a level 4 spell: Hailstorm
 10740 | Bailey   | Reached skill level 1 in Conjurations
 10740 | Bailey   | Reached skill level 4 in Invocations
 10770 | Bailey   | Reached ** piety under Cheibriados
 11108 | Bailey   | Reached XP level 10. HP: 60/76 MP: 13/13
 11635 | D:8      | Noticed Grum
 11651 | D:8      | Killed Grum
 11718 | D:8      | Reached skill level 5 in Conjurations
 11830 | D:8      | Found a staircase to the Lair.
 12887 | D:9      | Noticed a deep elf pyromancer
 12898 | D:9      | Killed a deep elf pyromancer
 13233 | D:10     | Entered Level 10 of the Dungeon
 13296 | Lair:1   | Entered Level 1 of the Lair of Beasts
 13343 | Lair:1   | Reached *** piety under Cheibriados
 13443 | Lair:1   | Reached skill level 5 in Invocations
 13782 | Lair:1   | Noticed a cane toad
 13804 | Lair:1   | Killed a cane toad
 13953 | Lair:1   | Noticed a cane toad
 13960 | Lair:1   | Killed a cane toad
 14309 | Lair:1   | Gained mutation: You sometimes emit foul miasma when
                  | damaged in melee. [demonic ancestry]
 14309 | Lair:1   | Reached XP level 11. HP: 75/83 MP: 15/15
 14368 | Lair:1   | Reached skill level 6 in Invocations
 14808 | Lair:2   | Found a hole to the Spider Nest.
 14988 | Lair:2   | Got the Reference Book on Bewitchment and Summoning
 16343 | Lair:3   | Reached skill level 7 in Invocations
 16390 | Lair:3   | Found a dark tunnel.
 16395 | Volcano  | Entered a volcano
 16405 | Volcano  | Noticed a wizard
 16407 | Volcano  | Killed a wizard
 16407 | Volcano  | Reached **** piety under Cheibriados
 16433 | Volcano  | Noticed a wizard
 16447 | Volcano  | Killed a wizard
 16522 | Volcano  | Noticed a wizard
 16525 | Volcano  | Killed a wizard
 16585 | Volcano  | Noticed a +0 mace of flaming
 16649 | Volcano  | Killed a +0 mace of flaming
 16738 | Volcano  | Noticed a wizard
 16738 | Volcano  | Noticed a wizard
 16763 | Volcano  | Reached skill level 8 in Invocations
 16763 | Volcano  | Gained mutation: You are surrounded by a moderate repulsion
                  | field. (EV +3) [demonic ancestry]
 16763 | Volcano  | Reached XP level 12. HP: 92/92 MP: 18/18
 16768 | Volcano  | Reached skill level 5 in Dodging
 17457 | Lair:3   | Reached skill level 5 in Stealth
 18086 | Lair:3   | Noticed a five-headed hydra
 18087 | Lair:3   | Noticed a four-headed hydra
 18088 | Lair:3   | Found a staircase to the Swamp.
 18126 | Lair:3   | Killed a five-headed hydra
 18127 | Lair:3   | Reached skill level 9 in Invocations
 18132 | Lair:3   | Killed a four-headed hydra
 18459 | Lair:4   | Reached ***** piety under Cheibriados
 19074 | Lair:4   | Reached skill level 10 in Ice Magic
 19082 | Lair:4   | Reached skill level 10 in Invocations
 19083 | Lair:4   | Gained mutation: You frequently emit foul miasma when
                  | damaged in melee. [demonic ancestry]
 19083 | Lair:4   | Reached XP level 13. HP: 61/101 MP: 20/20
 19327 | Lair:4   | Reached ****** piety under Cheibriados
 21662 | Lair:6   | Entered Level 6 of the Lair of Beasts
 21723 | Lair:6   | Reached skill level 11 in Invocations
 22059 | Lair:6   | Found a runed translucent door.
 22064 | Lair:6   | Noticed Lunaplom's ghost (journeyman MiBe)
 22204 | Lair:6   | Reached skill level 10 in Fighting
 23149 | Lair:6   | Found a staircase to the Slime Pits.
 23176 | Lair:6   | Reached skill level 10 in Short Blades
 23405 | Lair:6   | Found a runed translucent door.
 23470 | Lair:6   | Gained mutation: You have hoof-like feet. [demonic
                  | ancestry]
 23470 | Lair:6   | Reached XP level 14. HP: 84/111 MP: 22/22
 23698 | Lair:6   | Reached skill level 12 in Invocations
 24606 | D:10     | Noticed Fannar
 24619 | D:10     | Killed Fannar
 24894 | D:10     | Noticed Erolcha
 24898 | D:10     | Killed Erolcha
 24987 | D:10     | Noticed Urug
 25003 | D:10     | Killed Urug
 26391 | D:11     | Found a blossoming altar of Fedhas.
 27071 | D:12     | Found a frozen archway.
 27075 | IceCv    | Entered an ice cave
 27250 | D:12     | Found a gate leading to a gauntlet.
 27261 | Gauntlet | Entered a Gauntlet
 27261 | Gauntlet | Found a transporter.
 27261 | Gauntlet | Found a transporter.
 27410 | Gauntlet | Found a transporter.
 27412 | Gauntlet | Found a transporter.
 27417 | Gauntlet | Found a transporter.
 27436 | Gauntlet | Found a transporter.
 27446 | Gauntlet | Found a transporter.
 27446 | Gauntlet | Found a transporter.
 27449 | Gauntlet | Found a transporter.
 27479 | Gauntlet | Found a transporter.
 27526 | Gauntlet | Found a transporter.
 27536 | Gauntlet | Found a transporter.
 27558 | Gauntlet | Found a transporter.
 27565 | Gauntlet | Found a transporter.
 27658 | Gauntlet | Found a transporter.
 27672 | Gauntlet | Found a transporter.
 27855 | Gauntlet | Identified the +2 pair of gloves of the Clam {Harm rF-
                  | Str+4}
 28034 | Gauntlet | Got the Papyrus of Intoxication and Transformation
 28034 | Gauntlet | Got the Tome of Scorching Ice
 28168 | D:12     | Found a staircase to the Orcish Mines.
 28212 | D:12     | Reached skill level 13 in Invocations
 28227 | D:12     | Identified the +6 dagger of Balance {antimagic, Contam
                  | Fragile Str+3 Dex+8}
 29210 | D:13     | Found Jofez's Assorted Antiques.
 29976 | D:14     | Found a gate to the Vaults.
 29985 | D:14     | Cast into level 2 of the Abyss (a wizard)
 29985 | Abyss:2  | Found a corrupted altar of Lugonu.
 30016 | Abyss:3  | Noticed an ophan
 30018 | Abyss:3  | Gained mutation: Your body sometimes deteriorates upon
                  | taking damage. [a neqoxec]
 30129 | Abyss:4  | Gained mutation: You sometimes lose the ability to read
                  | scrolls when taking damage. [a neqoxec]
 30143 | Abyss:4  | Gained mutation: You are clumsy. (Dex -2) [a neqoxec]
 30185 | D:14     | Escaped the Abyss
 30197 | D:14     | Reached skill level 14 in Invocations
 30200 | D:14     | Reached XP level 15. HP: 48/120 MP: 24/25
 30523 | D:14     | Found a snail-covered altar of Cheibriados.
 31297 | D:15     | Entered Level 15 of the Dungeon
 31393 | D:15     | Reached skill level 15 in Invocations
 31661 | D:15     | Found the +4 skin of Zhor {*Englaciate rC+++ SInv}
 31859 | D:15     | Noticed Josephine
 31899 | D:15     | Killed Josephine
 32235 | D:15     | Found a staircase to the Depths.
 32582 | Orc:1    | Entered Level 1 of the Orcish Mines
 32821 | Orc:1    | Noticed Snorg
 32848 | Orc:1    | Noticed Sonja
 32858 | Orc:1    | Paralysed by an orc sorcerer for 4 turns
 32864 | Orc:1    | Killed Snorg
 32864 | Orc:1    | Killed Sonja
 32865 | Orc:1    | Reached skill level 16 in Invocations
 32869 | Orc:1    | Lost mutation: You sometimes lose the ability to read
                  | scrolls when taking damage. [potion of mutation]
 32869 | Orc:1    | Lost mutation: Your body sometimes deteriorates upon taking
                  | damage. [potion of mutation]
 32869 | Orc:1    | Lost mutation: You are clumsy. (Dex -2) [potion of
                  | mutation]
 32869 | Orc:1    | Gained mutation: You have hidden genetic defects. [potion
                  | of mutation]
 32869 | Orc:1    | Lost mutation: You have hidden genetic defects. [potion of
                  | mutation]
 33304 | Orc:2    | Entered Level 2 of the Orcish Mines
 33396 | Orc:2    | Noticed an orc warlord
 33400 | Orc:2    | Noticed an orc warlord
 33414 | Orc:2    | Mangled by an orc warlord

Illustrated notes

Levels and vault maps discovered:
D:1:      lemuel_arrival_room, layout_basic, grunt_decor_resistance
D:2:      layout_loops_corners
D:3:      layout_rooms, shapermc_ecumenical_altar_mp_ritualfount,
          minmay_rat_hole, uniq_robin
D:4:      layout_loops_ring, gammafunk_ghost_cemetery
D:5:      layout_cave_pods, minmay_holes, st_stairs_13,
          minmay_misc_feat_columns, ebering_dispersal_statue_hall
D:6:      layout_cave_pools, minmay_temple_entry_slanted
D:7:      layout_layer_cave, grunt_temple_overflow_open, nicolae_lava_and_water,
          uniq_menkaure
D:8:      layout_rooms, lair_entry_dummy, enter_bailey_3,
          kennysheep_decorative_pillar, uniq_grum
D:9:      layout_basic, minmay_misc_feat_plants, nicolae_benzene_ring,
          lemuel_old_faithful
D:10:     layout_layer_cave, uniq_erolcha, uniq_fannar, uniq_urug
D:11:     layout_roguey, kennysheep_small_spiral, fedhas_bush_and_centaur_altar
D:12:     layout_stronghold, erik_orc_4, portal_ice_cave_entry_pillars_2,
          gauntlet_entry_generic
D:13:     layout_gridville, serial_shops, nicolae_shop_overgrown_old_shop
D:14:     minmay_bubble_buster, layout_loops_ring,
          lightli_vaults_fourway_checkpoint, palyth_stone_intersect,
          minivault_1, nicolae_concentric_dashed_squares_mild, slow_altar_1
D:15:     grunt_enter_depths_hoard, layout_irregular_city,
          hangedman_decor_growths, hellmonk_guarded_unrand_zhor, uniq_josephine
Temple:   mainiacjoe_temple_cubbyholes
Lair:1:   layout_regular_city
Lair:2:   layout_cave_pods, spider_nest_entry_web_field
Lair:3:   layout_regular_city, palyth_hydra_swamp_entry, enter_volcano_4
Lair:4:   layout_layer_cave, special_room [special_room_bee]
Lair:5:   layout_cave_pods, grunt_megastairs_4, serial_bayou_shore_a
Lair:6:   wormcave, layout_gridlike, minmay_slime_entry_jelly_boxes,
          ebering_ghost_inner_flame, nicolae_lair_run_with_the_wolves,
          lemuel_fruit_fields, lemuel_fruit_tree
Orc:1:    layout_diamond_mine, guppyfry_library_mini, uniq_snorg, uniq_sonja
Orc:2:    st_orc_congregation, layout_diamond_mine, nicolae_orc_lost_temple

Skill      XL: |  1  2  3  4  5  6  7  8  9 10 11 12 13 14 15 |
---------------+----------------------------------------------+-----
Ice Magic      | 4 5 6 7 8 9 10 11 12 13 | 13.5
Short Blades   | 1 2 3 4 5 6 7 8 9 10 | 10.4
Fighting       | 1 3 4 6 8 9 10 12 13 | 13.6
Evocations     | 1 3 4 5 |  5.4
Invocations    | 4 5 8 10 11 14 16 | 16.2
Conjurations   | 2 7 |  7.1
Dodging        | 3 4 6 7 8 |  8.4
Stealth        | 4 6 |  6.0
Spellcasting   | |  2.0

Action                   |  1- 3 |  4- 6 |  7- 9 | 10-12 | 13-15 || total
-------------------------+-------+-------+-------+-------+-------++-------
Melee: Dagger            |    61 |   199 |   316 |   693 |  1684 ||  2953
       Unarmed           |     2 |       |       |       |       ||     2
       Punch             |       |     4 |     6 |    13 |    35 ||    58
       Kick              |       |    26 |   111 |   277 |   832 ||  1246
Throw: Javelin           |       |       |     6 |     1 |       ||     7
 Cast: Freeze            |    30 |    25 |     1 |     4 |     4 ||    64
       Ozocubu's Armour  |       |     2 |    17 |    26 |    49 ||    94
       Frozen Ramparts   |       |     5 |    16 |    20 |    36 ||    77
       Hailstorm         |       |       |     2 |     8 |    10 ||    20
Invok: Bend Time         |       |       |       |     1 |       ||     1
       Slouch            |       |       |       |       |     6 ||     6
       Temporal Distorti |       |       |       |       |     1 ||     1
Evoke: Wand              |       |     1 |    13 |     5 |     7 ||    26
  Use: Scroll            |     3 |     3 |     9 |     8 |    17 ||    40
       Potion            |       |       |     2 |     1 |     2 ||     5
 Stab: Sleeping          |     7 |     3 |     3 |     9 |    22 ||    44
       Distracted        |       |       |     1 |       |     6 ||     7
Armor: Robe              |    16 |    43 |    85 |   135 |   106 ||   385
       Skin              |       |       |       |    25 |       ||    25
       Troll leather arm |       |       |       |       |   301 ||   301
Dodge: Dodged            |    56 |   109 |   214 |   309 |  1156 ||  1844
Block: Other             |       |    19 |   111 |   224 |   590 ||   944
       Reflection        |       |       |       |     3 |    23 ||    26

Table legend: (Time is in decaauts)
 A = Elapsed time spent in this place.
 B = Non-inter-level travel time spent in this place.
 C = Inter-level travel time spent in this place.
 D = Time resting spent in this place.
 E = Time spent auto-exploring this place.
 F = Levels seen in this place.
 G = Mean time per level.
                   A        B        C        D        E       F      G
               +--------+--------+--------+--------+--------+-----+--------+
         Total |  43614 |  41710 |   1904 |    230 |  34270 |  31 | 1406.9 |
       Dungeon |  23136 |  21880 |   1256 |      0 |  18656 |  15 | 1542.4 |
        Temple |    376 |    258 |    118 |      0 |    257 |   1 |  376.0 |
          Lair |  14518 |  14031 |    487 |      0 |  12239 |   6 | 2419.7 |
  Orcish Mines |   1255 |   1213 |     42 |      3 |    921 |   2 |  627.5 |
         Abyss |    253 |    253 |      0 |     59 |      0 |   3 |   84.3 |
        Bailey |   2173 |   2173 |      0 |    141 |   1223 |   1 | 2173.0 |
      Ice Cave |    131 |    131 |      0 |      0 |      0 |   1 |  131.0 |
       Volcano |    557 |    557 |      0 |     27 |     76 |   1 |  557.0 |
      Gauntlet |   1211 |   1211 |      0 |      0 |    898 |   1 | 1211.0 |
               +--------+--------+--------+--------+--------+-----+--------+

Top non-repeatable levels by time:
  Lair:6: 3281 daAuts
    D:10: 2814 daAuts
  Lair:4: 2659 daAuts
  Lair:5: 2493 daAuts
  Lair:3: 2320 daAuts
  Bailey: 2173 daAuts
    D:14: 1960 daAuts
  Lair:2: 1884 daAuts
  Lair:1: 1878 daAuts
    D:15: 1792 daAuts
     D:2: 1724 daAuts
    D:12: 1722 daAuts
     D:5: 1655 daAuts
     D:4: 1616 daAuts
    D:11: 1477 daAuts
